 Dungeon Crawl Stone Soup version 0.25-a0-424-g80bd347ae0 (webtiles) character file.

Game seed: 9153750974293727303, levelgen mode: deterministic

1116 kae the Transmogrifier (level 8, 0/54 HPs)
             Began as a Demonspawn Transmuter on Jan 22, 2020.
             Slain by an orc
             ... wielding a +0 short sword
              (4 damage)
             ... on level 6 of the Dungeon.
             The game lasted 00:09:20 (8783 turns).

kae the Transmogrifier (Demonspawn Transmuter)      Turns: 8783, Time: 00:09:20

Health: 0/54       AC: -6    Str: 10    XL:     8   Next: 12%
Magic:  0/12       EV: 19    Int: 15    God:
Gold:   243        SH:  0    Dex: 21    Spells: 3/13 levels left

rFire    . . .     SeeInvis .     - Unarmed
rCold    . . .     Gourm    .   (shield currently unavailable)
rNeg     . . .     Faith    .   (armour currently unavailable)
rPois    .         Spirit   +   (helmet currently unavailable)
rElec    .         Reflect  .   (cloak currently unavailable)
rCorr    .         Harm     .   (gloves currently unavailable)
MR       .....                  (boots currently unavailable)
Stlth    ++........             (no amulet)
HPRegen  0.18/turn              b - ring of poison resistance
MPRegen  0.13/turn              (no ring)

@: spider-form (expiring), corroded
A: tiny, demonic guardian 1, magic shield
a: End Transformation


You were on level 6 of the Dungeon.
You were very hungry.
You were a venomous arachnid creature.
You visited 2 branches of the dungeon, and saw 7 of its levels.

You collected 243 gold pieces.

Inventory:

Hand Weapons
 e - a +1 dagger (melded)
Missiles
 a - 80 arrows
Armour
 f - a scarf of resistance (melded)
 j - a +2 hat (melded)
 m - a +2 robe of magic resistance (melded)
Jewellery
 b - a ring of poison resistance (left front leg)
Wands
 k - a wand of polymorph (4)
 n - a wand of iceblast (10)
Scrolls
 g - 2 scrolls of enchant weapon
 o - a scroll of fear
 p - 2 scrolls of teleportation
 q - a scroll of remove curse
Potions
 c - 3 potions of curing
 h - a potion of heal wounds
 i - 2 potions of brilliance
 l - a potion of haste
Comestibles
 d - 9 rations


   Skills:
 - Level 1.0 Fighting
 - Level 1.7 Dodging
 - Level 4.0 Unarmed Combat
 - Level 3.2 Spellcasting
 * Level 8.0 Transmutations


You had 3 spell levels left.
You knew the following spells:

 Your Spells              Type           Power        Failure   Level  Hunger
a - Beastly Appendage     Tmut           ####..       4%          1    #......
b - Sticks to Snakes      Tmut           ####....     5%          2    ##.....
c - Spider Form           Tmut/Pois      ##........   26%         3    ###....
d - Ice Form              Ice/Tmut       ##......     58%         4    #####..

Your spell library contained the following spells:

 Spells                   Type           Power        Failure   Level  Hunger
 Blade Hands              Tmut           ####......   41%         5    ######.


Dungeon Overview and Level Annotations

Branches:
Dungeon (6/15)             Temple (1/1) D:4

Altars:
Cheibriados
Dithmenos
Elyvilon
Fedhas
Gozag
Hepliaklqana
Makhleb
Nemelex Xobeh
Okawaru
Qazlal
Ru
Sif Muna
Trog
Vehumet
Xom
Yredelemnul
The Shining One


Innate Abilities, Weirdness & Mutations

((You have very sharp fingernails.))
A weak demonic guardian rushes to your aid.
When hurt, damage is shared between your health and your magic reserves.
((When seriously injured, your bleeding wounds create armour. (AC +0)))


Message History

Your Transmutations skill increases to level 8!
The orc hits you with a +0 club.
* * * LOW HITPOINT WARNING * * *
You hit the orc.
The orc looks as sick as possible!
The orc is moderately wounded.
You hit the orc but do no damage.
The orc looks as sick as possible!
The orc is severely wounded.
The orc completely misses you.
You hit the orc but do no damage.
The orc is almost dead.
The orc misses you.
You hit the orc.
You kill the orc!
The orc throws a silver boomerang.
The silver boomerang hits you.
* * * LOW HITPOINT WARNING * * *
The silver sears you!
* * * LOW HITPOINT WARNING * * *
The weapon returns to the orc!
The orc hits you with a +0 short sword.
You die...

....#...###..###
.............#
.###.......###
###...### #.>##
#.## #.# #.# #s#
#.o.......
...........
#............
#.........#.#
#.......#....#
#.....#......##
......#......#


You could see an orc.

Vanquished Creatures
  Sigmund (D:2)
  2 centaurs (D:5)
  A bullfrog (D:6)
  2 scorpions
  A crimson imp (D:5)
  A jelly (D:6)
  2 hounds (D:4)
  A bullfrog skeleton (D:5)
  Crazy Yiuf (D:2)
  Jessica (D:2)
  Terence (D:2)
  An iguana (D:5)
  Ijyb (D:3)
  3 orc wizards
  2 worker ants
  3 gnolls (D:5)
  7 adders
  An ooze (D:3)
  2 worms
  A dart slug (D:1)
  3 leopard geckos
  13 orcs
  4 giant cockroaches
  13 goblins
  6 hobgoblins
  5 jackals
  A quokka (D:2)
  A ball python (D:1)
  5 bats
  11 frilled lizards
  11 kobolds
  11 rats
119 creatures vanquished.

Vanquished Creatures (others)
  An orc wizard (D:6)
1 creature vanquished.

Grand Total: 120 creatures vanquished

Notes
Turn   | Place    | Note
-------+----------+-------------------------------------------
     0 | D:1      | kae the Demonspawn Transmuter began the quest for the Orb.
     0 | D:1      | Reached XP level 1. HP: 15/15 MP: 3/3
    97 | D:1      | Reached skill level 2 in Transmutations
   382 | D:1      | Gained mutation: You have sharp fingernails. [demonic
                  | ancestry]
   382 | D:1      | Reached XP level 2. HP: 12/21 MP: 3/5
  1918 | D:2      | Gained mutation: When seriously injured, your bleeding
                  | wounds create armour. (AC +0) [demonic ancestry]
  1918 | D:2      | Reached XP level 3. HP: 15/26 MP: 6/6
  2296 | D:2      | Noticed Terence
  2301 | D:2      | Learned a level 2 spell: Sticks to Snakes
  2305 | D:2      | Learned a level 3 spell: Spider Form
  2318 | D:2      | Killed Terence
  2318 | D:2      | Reached skill level 3 in Transmutations
  2464 | D:2      | Noticed Sigmund
  2569 | D:2      | Reached XP level 4. HP: 32/32 MP: 7/7
  2747 | D:2      | Noticed Jessica
  2782 | D:2      | Killed Jessica
  3103 | D:2      | Killed Sigmund
  3103 | D:2      | Reached skill level 4 in Transmutations
  3103 | D:2      | Gained mutation: You have very sharp fingernails. [demonic
                  | ancestry]
  3103 | D:2      | Reached XP level 5. HP: 37/37 MP: 6/9
  3216 | D:2      | Gained mutation: When hurt, damage is shared between your
                  | health and your magic reserves. [demonic ancestry]
  3216 | D:2      | Reached XP level 6. HP: 31/43 MP: 10/10
  3800 | D:2      | Found a runed translucent door.
  3801 | D:2      | Noticed Crazy Yiuf
  3881 | D:2      | HP: 2/43 [Crazy Yiuf/+4 quarterstaff of chaos (9)]
  3886 | D:2      | Killed Crazy Yiuf
  4255 | D:3      | Learned a level 4 spell: Ice Form
  4397 | D:3      | Found a shadowy altar of Dithmenos.
  4669 | D:3      | Noticed Ijyb
  4686 | D:3      | Killed Ijyb
  4938 | D:3      | Reached skill level 5 in Transmutations
  5717 | D:4      | Found a sparkling altar of Nemelex Xobeh.
  5821 | D:4      | Found a sacrificial altar of Ru.
  5824 | D:4      | Found an iron altar of Okawaru.
  5827 | D:4      | Found a bloodstained altar of Trog.
  6062 | D:4      | Found a staircase to the Ecumenical Temple.
  6101 | Temple   | Entered the Ecumenical Temple
  6539 | D:5      | Entered Level 5 of the Dungeon
  6598 | D:5      | Reached skill level 6 in Transmutations
  6598 | D:5      | Reached XP level 7. HP: 23/48 MP: 0/11
  7611 | D:5      | Reached skill level 7 in Transmutations
  8545 | D:6      | Gained mutation: A weak demonic guardian rushes to your
                  | aid. [demonic ancestry]
  8545 | D:6      | Reached XP level 8. HP: 18/54 MP: 5/12
  8778 | D:6      | Reached skill level 8 in Transmutations
  8783 | D:6      | Slain by an orc

Levels and vault maps discovered:
D:1:      saegor_arrival_under_anarchy, layout_loops_corners,
          minmay_pentomino_p4
D:2:      layout_loops_corners, kennysheep_generic_room_13, uniq_jessica,
          uniq_terence, uniq_crazy_yiuf_cottage, uniq_sigmund
D:3:      layout_loops_corners, grunt_dithmenos_smoke_and_mirrors, first_ration,
          minmay_joined_circles, uniq_ijyb
D:4:      layout_basic, lemuel_doored_altar, grunt_temple_overflow_diamond,
          minmay_temple_entry_arrows
D:5:      layout_basic, serial_curves, eino_curves_03, eino_curves_04,
          minmay_misc_feat_diagonals
D:6:      layout_layer_cave, evilmike_ruin_ashenzari,
          chequers_temple_overflow_statue_of_worship, minmay_lizard_king
Temple:   minmay_temple_bridge_abc

Skill      XL: |  1  2  3  4  5  6  7  8 |
---------------+-------------------------+-----
Transmutations | 2 3 4 6 7 8 |  8.0
Unarmed Combat | 3 4 |  4.0
Spellcasting   | 3 |  3.2
Fighting       | |  1.0
Dodging        | |  1.7

Action                   |  1- 3 |  4- 6 |  7- 9 || total
-------------------------+-------+-------+-------++-------
Melee: Unarmed           |    28 |    70 |    84 ||   182
       Dagger            |    87 |   241 |    51 ||   379
       Kick              |     5 |     8 |       ||    13
       Headbutt          |       |     5 |       ||     5
       Punch             |       |     1 |     2 ||     3
 Cast: Beastly Appendage |    10 |    12 |       ||    22
       Spider Form       |     1 |    12 |     9 ||    22
  Use: Scroll            |     3 |     7 |     2 ||    12
       Potion            |       |     3 |     1 ||     4
 Stab: Sleeping          |     1 |     3 |     2 ||     6
  Eat: Chunk             |     4 |    13 |     7 ||    24
       Ration            |       |     1 |       ||     1
Armor: Robe              |    18 |   103 |     5 ||   126
       Skin              |       |     6 |     2 ||     8
Dodge: Dodged            |    72 |   248 |    99 ||   419

Table legend:
 A = Non-vault XP
 B = Vault XP
 C = Vault XP percentage of total XP
 D = Non-vault monster count
 E = Vault monster count
 F = Vault count percentage of total count
                 A         B        C        D         E       F
            +---------+---------+-------+---------+---------+-------
      Total |    1202 |     393 |  24.6 |      98 |      22 |  18.3
            +---------+---------+-------+---------+---------+-------
        D:1 |      20 |       8 |  28.6 |      12 |       4 |  25.0
        D:2 |      91 |     321 |  77.9 |      28 |       4 |  12.5
        D:3 |      93 |      64 |  40.8 |      24 |      14 |  36.8
        D:4 |     129 |       0 |   0.0 |       8 |       0 |   0.0
        D:5 |     581 |       0 |   0.0 |      19 |       0 |   0.0
        D:6 |     288 |       0 |   0.0 |       7 |       0 |   0.0
            +---------+---------+-------+---------+---------+-------
